 Dungeon Crawl Stone Soup version 0.14-a0-1444-g21dc12d (webtiles) character file.

667 Ololoev the Reanimator (level 6, -2/41 HPs)
             Began as a Mummy Necromancer on Dec 12, 2013.
             Was a Follower of Ashenzari.
             Slain by an orc wizard
             ... wielding a -1,+1 orcish club
              (4 damage)
             ... on Level 5 of the Dungeon.
             The game lasted 00:36:12 (5087 turns).

Ololoev the Reanimator (Mummy Necromancer)          Turns: 5087, Time: 00:36:13

HP  -2/41        AC  5     Str 11      XL: 6   Next: 99%
MP   3/10        EV 10     Int 16      God: Ashenzari [*.....]
Gold 156         SH  0     Dex 12      Spells:  2 memorised,  4 levels left

rFire  x . .     SeeInvis .     e - +1,+2 whip (elec) (curse)
rCold  + . .     Clarity  .     j - +1 leather armour (curse)
rNeg   + + +     Conserve .     (no shield)
rPois  +         rCorr    .     (no helmet)
rElec  .         rRot     +     m - +0 cloak
SustAb . .       Spirit   .     (no gloves)
rMut   .         Warding  .     (no boots)
Saprov . . .     Stasis   .     (no amulet)
                                (no ring)
                                p - cursed ring of hunger

@: somewhat resistant to hostile enchantments, unstealthy
A: no food or potions, fire vulnerability, restore body, cold resistance 1, life
protection 3, poison resistance, torment resistance, unbreathing
a: Renounce Religion


You were on level 5 of the Dungeon.
You worshipped Ashenzari.
Ashenzari was aware of your devotion.
You were not hungry.

You visited 1 branch of the dungeon, and saw 5 of its levels.

You collected 156 gold pieces.

Inventory:

Hand weapons
 e - a cursed +1,+2 whip of electrocution (weapon)
Missiles
 h - 2 darts of flame (quivered)
Armour
 j - a cursed +1 leather armour (worn)
 k - a +2 buckler
 m - a +0 cloak (worn)
Magical devices
 l - a wand of polymorph (16)
Scrolls
 a - a scroll of curse jewellery
 c - 4 scrolls of identify
 d - 2 scrolls of recharging
 f - 2 scrolls of noise {unknown}
 g - 2 scrolls of fog
 i - 4 scrolls of blinking
 n - a scroll of immolation {unknown}
 o - a scroll of enchant weapon I {unknown}
 q - a scroll of fear {unknown}
Jewellery
 p - a cursed ring of hunger (left hand)
Books
 b - a book of Necromancy

   Spells                             Type                      Level
   *Pain                              Necromancy                   1
   Animate Skeleton                   Necromancy                   1
   Lethal Infusion                    Charms/Necromancy            2
   Vampiric Draining                  Necromancy                   3
   Regeneration                       Charms/Necromancy            3
   *Animate Dead                      Necromancy                   4
   Control Undead                     Necromancy                   4


   Skills:
 - Level 1.5 Dodging
 - Level 1.5 Stealth
 - Level 2.0 Spellcasting
 + Level 8.4 Necromancy


You had 4 spell levels left.
You knew the following spells:

 Your Spells              Type           Power        Failure   Level  Hunger
a - Pain                  Necr           ####         1%          1    N/A
b - Animate Dead          Necr           N/A          10%         4    N/A

Dungeon Overview and Level Annotations

Branches:
Dungeon (5/16)
 Temple: D:4-7

Altars:
Ashenzari
Kikubaaqudgha
Makhleb
Zin


Innate Abilities, Weirdness & Mutations

You do not eat or drink.
Your flesh is vulnerable to fire.
Your flesh is cold resistant.
You are immune to negative energy.
Your system is resistant to poisons.
You are immune to unholy pain and torment.
You can survive without breathing.


Message History

Okay, then.
You feel less confused. It hits you but does no damage.
Your magical contamination has completely faded away.
It hits you but does no damage.
You barely miss it.
Your orc zombie hits it but does no damage.
It hits you.
You miss it.
Your orc zombie closely misses it.
It hits you but does no damage.
You barely miss it. It hits you.
Your orc zombie closely misses it.
You miss it. It hits you!
* * * LOW HITPOINT WARNING * * *
Your orc zombie hits it but does no damage.
You miss it.
You hear some strange, mumbled words.
The magic dart hits you!
* * * LOW HITPOINT WARNING * * *
Your orc zombie closely misses it.
It hits you.
You die...

#.# #.# #.# . #.# #.#
#.# #.# #.# #.# #.#
#.# #.# #%# #.# #
.##.###.###.####.#
.........z...z......#
#
#..##.###.###.######
#.#..##.###.# #.#
#.........@.# #.#
#........).(###.#
#.......z.......# ###
#..........###### #..
#.........## . #..
#........## ....# #..
#........#..o....#
#.. .........[#
.._...# #..
#........# o.o..o#
#..


You could see a friendly orc zombie.

Vanquished Creatures
  An ogre (D:4)
  An orc priest (D:5)
  A hound (D:5)
  A water moccasin skeleton (D:4)
  2 worker ants (D:4)
  A scorpion (D:5)
  Ijyb (D:3)
  10 adders
  A giant mite (D:5)
  A worm (D:2)
  A giant gecko (D:3)
  2 oozes (D:3)
  4 orcs
  16 bats
  9 hobgoblins
  13 jackals
  10 kobolds
  3 quokkas
  2 ball pythons
  4 giant cockroaches
  2 giant newts
  13 goblins
  22 rats
121 creatures vanquished.

Vanquished Creatures (collateral kills)
  An ogre (D:4)
  Crazy Yiuf (D:3)
  3 orcs
  A bat (D:3)
  A hobgoblin (D:5)
  A rat (D:5)
  A rat skeleton (D:4)
9 creatures vanquished.

Vanquished Creatures (others)
  A scorpion zombie (D:5)
  An adder zombie (D:4)
  4 jackal zombies (D:3)
  A quokka zombie (D:5)
  A rat zombie (D:3)
8 creatures vanquished.

Grand Total: 138 creatures vanquished

Notes
Turn   | Place    | Note
--------------------------------------------------------------
     0 | D:1      | Ololoev, the Mummy Necromancer, began the quest for the Orb.
     0 | D:1      | Reached XP level 1. HP: 13/13 MP: 3/3
    19 | D:1      | Found a shattered altar of Ashenzari.
    46 | D:1      | Became a worshipper of Ashenzari the Shackled
   385 | D:1      | Reached XP level 2. HP: 19/19 MP: 1/4
  1189 | D:2      | Reached skill level 5 in Necromancy
  1189 | D:2      | Reached XP level 3. HP: 24/24 MP: 3/6
  1817 | D:2      | Reached XP level 4. HP: 28/30 MP: 5/7
  2191 | D:2      | Found a burning altar of Makhleb.
  2197 | D:2      | Found a glowing silver altar of Zin.
  2197 | D:2      | Noticed an angel
  2198 | D:2      | Noticed a green death
  2409 | D:2      | Reached skill level 6 in Necromancy
  3069 | D:3      | Reached XP level 5. HP: 35/35 MP: 6/9
  3132 | D:3      | Noticed Ijyb
  3137 | D:3      | Killed Ijyb
  3222 | D:3      | Learned a level 4 spell: Animate Dead
  3235 | D:3      | Noticed Crazy Yiuf
  3261 | D:3      | Killed Crazy Yiuf
  3639 | D:4      | Noticed an ogre
  3663 | D:4      | Killed an ogre
  3663 | D:4      | Reached skill level 7 in Necromancy
  3973 | D:4      | Reached XP level 6. HP: 41/41 MP: 7/10
  4362 | D:4      | Noticed an ogre
  4377 | D:4      | Killed an ogre
  4377 | D:4      | Reached skill level 8 in Necromancy
  4725 | D:5      | Entered Level 5 of the Dungeon
  4766 | D:5      | Found a shattered altar of Ashenzari.
  5037 | D:5      | Found an ancient bone altar of Kikubaaqudgha.
  5085 | D:5      | HP: 2/41 [it/magic dart (9)]
  5087 | D:5      | Slain by an orc wizard

Action                   |  1- 3 |  4- 6 || total
-------------------------+-------+-------++-------
Melee: Unarmed           |    27 |       ||    27
       Whip              |    45 |    91 ||   136
Throw: Dart              |     7 |     1 ||     8
 Cast: Pain              |    24 |   130 ||   154
       Animate Dead      |       |    11 ||    11
Evoke: Wand              |       |     1 ||     1
  Use: Scroll            |     2 |     6 ||     8
 Stab: Sleeping          |     1 |     1 ||     2
